 Dungeon Crawl Stone Soup version 0.20.1-1-g8b1a95d (webtiles) character file.

18542 digijack the Cleaver (level 12, -3/110 HPs)
             Began as a Minotaur Fighter on Jan 2, 2018.
             Was a High Priest of Nemelex Xobeh.
             Slain by a sea snake (13 damage)
             ... on level 1 of the Shoals.
             The game lasted 01:08:46 (13564 turns).

digijack the Cleaver (Minotaur Fighter)            Turns: 13564, Time: 01:08:47

Health: -3/110     AC: 15    Str: 28    XL:     12   Next: 28%
Magic:  15/15      EV: 17    Int:  5    God:    Nemelex Xobeh [*****.]
Gold:   868        SH:  6    Dex: 12    Spells: 11/11 levels left

rFire    . . .     SeeInvis .   a - +0 war axe (flame)
rCold    . . .     Gourm    .   y - +0 buckler
rNeg     + + .     Faith    .   i - +4 leather armour of Fuschol {Str+4}
rPois    .         Spirit   .   (helmet restricted)
rElec    .         Reflect  .   o - +1 cloak
rCorr    .         Harm     .   A - +0 pair of gloves
MR       .....                  p - +2 pair of boots
Stlth    +.........             (no amulet)
Regen    0.3/turn               q - ring of positive energy
MPRegen  0.2/turn               J - ring of positive energy

@: very slow
A: retaliatory headbutt, horns 2
a: Triple Draw, Deal Four, Stack Five, Renounce Religion


You were on level 1 of the Shoals.
You worshipped Nemelex Xobeh.
Nemelex Xobeh was extremely pleased with you.
You were not hungry.

You visited 3 branches of the dungeon, and saw 12 of its levels.

You collected 868 gold pieces.

Inventory:

Hand Weapons
 a - a +0 war axe of flaming (weapon)
Armour
 c - a +0 shield
 i - the +4 leather armour of Fuschol (worn) {Str+4}
   (You found it on level 7 of the Dungeon)

   It affects your strength (+4).
 o - a +1 cloak (worn)
 p - a +2 pair of boots (worn)
 y - a +0 buckler (worn)
 A - a +0 pair of gloves (worn)
Jewellery
 q - a ring of positive energy (left hand)
 E - an uncursed ring of magical power
 J - a ring of positive energy (right hand)
Scrolls
 k - 6 scrolls of identify
 t - 5 scrolls of remove curse
 u - 3 scrolls of teleportation
 v - 2 scrolls of blinking
 D - a scroll of magic mapping
Potions
 e - a potion of curing
 l - a potion of might
 m - a potion of flight
 w - a potion of agility
 B - a potion of cancellation
 H - a potion of invisibility
 K - a potion of haste
 L - a potion of brilliance
Miscellaneous
 b - a legendary deck of destruction {drawn: 4}
 j - a plain deck of destruction {drawn: 1}
 n - a plain deck of destruction
 r - a plain deck of escape {drawn: 1}
 s - an ornate deck of destruction
 x - a plain deck of summoning {drawn: 3}
 C - an ornate deck of escape
 F - an ornate deck of destruction
 G - a legendary deck of destruction
 N - a plain deck of summoning
Comestibles
 d - 6 royal jellies
 f - 6 bread rations
 g - 6 meat rations
 z - 8 fruits
 I - 5 chunks of flesh


   Skills:
 + Level 11.0 Fighting
 + Level 12.1 Axes
 + Level 9.2 Armour
 + Level 9.6 Dodging
 + Level 10.8 Shields
 + Level 6.4 Invocations


You had 11 spell levels left.
You didn't know any spells.

Dungeon Overview and Level Annotations

Branches:
Dungeon (9/15)             Temple (0/1) D:7            Lair (2/6) D:9
 Shoals (1/4) Lair:2
  Snake: Lair:2-4    Spider: Lair:2-4       Orc: D:9-12

Altars:
Ashenzari
Hepliaklqana
Nemelex Xobeh
Trog
Uskayaw
Xom

Annotations:
D:9 exclusion: 2 oklob plants


Innate Abilities, Weirdness & Mutations

You reflexively headbutt those who attack you in melee.
You have a pair of horns on your head.


Message History

The sea snake is heavily wounded.
You block the sea snake's attack.
You hit the sea snake but do no damage.
The sea snake is heavily wounded.
The sea snake bites you.
* * * LOW HITPOINT WARNING * * *
You are lethally poisoned!
The sea snake poisons you!
You feel better.
The sea snake bites you but does no damage.
Your unstable footing causes you to fumble your attack.
The sea snake bites you but does no damage.
Your unstable footing causes you to fumble your attack.
The sea snake bites you!
* * * LOW HITPOINT WARNING * * *
You hit the sea snake. You burn the sea snake.
The sea snake is heavily wounded.
The sea snake bites you!
You die...
Your body glows with a rainbow of weird colours and disappears.

≈.≈≈ .≈. #.≈≈≈≈
≈≈≈≈ .≈.###.≈≈.
≈≈≈≈ .≈....≈≈..
≈≈≈≈≈ ..≈./!...#
≈≈≈≈≈ ≈≈≈≈≈≈≈..##
.≈≈≈≈≈
≈≈≈≈≈≈≈≈..##..≈≈≈≈
≈≈≈≈≈≈≈≈≈....≈≈≈≈≈
≈≈≈≈≈≈≈@S≈≈.≈≈≈≈≈≈
≈≈≈≈≈≈≈≈≈≈≈≈≈≈≈≈≈≈
≈≈≈≈≈≈≈≈≈≈≈≈≈≈≈...
≈≈≈≈≈≈≈≈≈≈≈≈≈≈≈..≈
≈≈≈≈≈≈≈≈≈≈...##P.≈
###≈≈≈≈≈≈.....# ..
#.≈≈≈.####...P #
..≈≈≈≈.# ..P≈.
≈≈≈≈≈≈≈


.PPPP You could see a sea snake.

Vanquished Creatures
  Harold (Lair:2)
  2 hydras
  A two-headed ogre (D:9)
  Pikel (D:4)
  5 black mambas (Lair:1)
  2 spiny frogs (Lair:2)
  A rime drake (Lair:1)
  2 komodo dragons
  A troll (D:9)
  A hornet (D:7)
  6 hippogriffs
  Prince Ribbit (D:5)
  3 blink frogs (Lair:2)
  A spriggan (D:7)
  A wyvern (D:9)
  A hog (Lair:1)
  23 yaks
  Eustachio (D:4)
  Grum (Lair:1)
  Menkaure (D:4)
  A hungry ghost (D:7)
  5 water moccasins
  2 porcupines
  A swamp drake (D:6)
  4 orc warriors
  An ice beast (D:6)
  2 phantoms
  3 sky beasts
  2 centaurs
  2 ogres
  A necrophage (D:8)
  A wolf (Lair:1)
  3 crocodiles
  10 bullfrogs
  4 killer bees (D:9)
  7 wights
  An electric eel (D:8)
  2 howler monkeys (D:9)
  4 crimson imps
  A bullfrog zombie (D:8)
  6 orc priests
  4 hounds
  A centaur zombie (D:5)
  A quasit (D:7)
  Crazy Yiuf (D:4)
  A bullfrog skeleton (D:6)
  2 iguanas (D:5)
  19 orc wizards
  5 worker ants
  A hound zombie (D:6)
  6 adders
  10 gnolls
  A shadow imp (D:6)
  2 adder zombies
  4 adder skeletons
  3 leopard geckos
  44 orcs
  5 bats
  4 giant cockroaches
  12 hobgoblins
  13 jackals
  3 kobolds
  5 quokkas
  2 ball pythons (D:1)
  4 frilled lizards
  3 goblins
  6 rats
  A fungus (Lair:2)
  10 plants
292 creatures vanquished.

Vanquished Creatures (collateral kills)
  A merfolk javelineer (Shoals:1)
  The ghost of Phong the Shooter, a novice OpHu of Okawaru (D:7)
  A komodo dragon (Shoals:1)
  Grinder (D:4)
  A sky beast (D:7)
  A slave (D:4)
  2 orc warriors (D:7)
  An ogre (D:7)
  A wolf (Lair:1)
  A scorpion (D:7)
  A quasit (D:7)
  A centaur zombie (D:7)
  An orc priest (D:7)
  A gnoll shaman (D:7)
  A gnoll (D:7)
  4 orcs (D:7)
  A butterfly (D:7)
21 creatures vanquished.

Vanquished Creatures (others)
  A rat (D:6)
  3 fungi
  4 plants
8 creatures vanquished.

Grand Total: 321 creatures vanquished

Notes
Turn   | Place    | Note
-------+----------+-------------------------------------------
     0 | D:1      | digijack the Minotaur Fighter began the quest for the Orb.
     0 | D:1      | Reached XP level 1. HP: 19/19 MP: 0/0
   369 | D:1      | Reached XP level 2. HP: 23/27 MP: 1/1
   898 | D:2      | Found a sparkling altar of Nemelex Xobeh.
   913 | D:2      | Became a worshipper of Nemelex Xobeh the Trickster
   939 | D:2      | Received a gift from Nemelex Xobeh
  1084 | D:2      | Reached XP level 3. HP: 20/33 MP: 2/2
  1348 | D:3      | Found a shattered altar of Ashenzari.
  1711 | D:3      | Reached * piety under Nemelex Xobeh
  1848 | D:3      | Reached skill level 1 in Dodging
  1913 | D:3      | Reached skill level 3 in Axes
  2114 | D:3      | Reached XP level 4. HP: 40/40 MP: 3/3
  2324 | D:3      | You fall through a shaft for 3 floors!
  2326 | D:6      | Noticed a swamp drake
  2326 | D:6      | an orc wizard changed into a swamp drake
  2346 | D:6      | Killed a swamp drake
  2346 | D:6      | Reached skill level 4 in Axes
  2346 | D:6      | Reached XP level 5. HP: 27/47 MP: 4/4
  2483 | D:6      | Noticed a centaur
  2485 | D:6      | Noticed an orc warrior
  2488 | D:6      | Noticed a sky beast
  2496 | D:6      | Reached XP level 6. HP: 22/53 MP: 5/5
  2497 | D:6      | Killed a sky beast
  2497 | D:6      | Reached skill level 5 in Shields
  2501 | D:6      | Reached skill level 5 in Fighting
  2501 | D:6      | Reached skill level 5 in Axes
  2506 | D:6      | Killed an orc warrior
  2690 | D:6      | Received a gift from Nemelex Xobeh
  2792 | D:6      | Reached XP level 7. HP: 53/61 MP: 6/6
  2840 | D:6      | Reached skill level 6 in Axes
  2871 | D:6      | Found a hide-covered altar of Uskayaw.
  3379 | D:5      | Entered Level 5 of the Dungeon
  3395 | D:5      | Found a shimmering altar of Xom.
  3401 | D:5      | Reached skill level 7 in Axes
  3422 | D:5      | Reached ** piety under Nemelex Xobeh
  3553 | D:5      | Reached XP level 8. HP: 70/70 MP: 7/7
  3636 | D:5      | Found a bloodstained altar of Trog.
  3661 | D:5      | Found a shimmering altar of Xom.
  3664 | D:4      | Received a gift from Nemelex Xobeh
  3683 | D:4      | Noticed Eustachio
  3695 | D:4      | Killed Eustachio
  3786 | D:4      | Received a gift from Nemelex Xobeh
  3848 | D:4      | Noticed Menkaure
  3854 | D:4      | Killed Menkaure
  3854 | D:4      | Reached skill level 8 in Axes
  3963 | D:4      | Noticed Grinder
  3964 | D:4      | Paralysed by Grinder for 5 turns
  3972 | D:4      | Killed Grinder
  4072 | D:4      | Noticed Pikel
  4088 | D:4      | Killed Pikel
  4088 | D:4      | Reached skill level 9 in Axes
  4088 | D:4      | Reached skill level 5 in Dodging
  4088 | D:4      | Reached XP level 9. HP: 79/79 MP: 8/8
  4404 | D:4      | Found a runed door.
  4408 | D:4      | Noticed Crazy Yiuf
  4412 | D:4      | Paralysed by Crazy Yiuf for 6 turns
  4418 | D:4      | Killed Crazy Yiuf
  5142 | D:5      | Noticed Prince Ribbit
  5157 | D:5      | Killed Prince Ribbit
  5168 | D:5      | Found a hazy altar of Hepliaklqana.
  5198 | D:5      | Reached *** piety under Nemelex Xobeh
  5453 | D:7      | Got a dazzling leather armour
  5457 | D:7      | Noticed Phong's ghost (novice OpHu)
  5465 | D:7      | Killed Phong's ghost
  5503 | D:7      | Found a staircase to the Ecumenical Temple.
  5517 | D:7      | Reached skill level 5 in Armour
  5570 | D:7      | Reached skill level 10 in Axes
  6035 | D:7      | Received a gift from Nemelex Xobeh
  6048 | D:7      | Identified the +4 leather armour of Fuschol {Str+4} (You found it on level 7 of the Dungeon)
  6401 | D:7      | Reached XP level 10. HP: 81/90 MP: 9/9
  7391 | D:8      | Reached **** piety under Nemelex Xobeh
  7426 | D:8      | Received a gift from Nemelex Xobeh
  7552 | D:8      | Reached skill level 1 in Invocations
  8110 | D:9      | Noticed a two-headed ogre
  8120 | D:9      | Killed a two-headed ogre
  8294 | D:9      | Received a gift from Nemelex Xobeh
  8306 | D:9      | Found a staircase to the Lair.
  8529 | D:9      | Reached skill level 11 in Axes
  8819 | D:9      | Reached XP level 11. HP: 97/97 MP: 12/12
  8841 | D:9      | Noticed an oklob plant
  8966 | D:9      | Noticed an oklob plant
  9239 | D:9      | Received a gift from Nemelex Xobeh
  9711 | Lair:1   | Entered Level 1 of the Lair of Beasts
  9797 | Lair:1   | Reached ***** piety under Nemelex Xobeh
  9854 | Lair:1   | Noticed Grum
  9873 | Lair:1   | Killed Grum
  9923 | Lair:1   | Reached skill level 5 in Invocations
 10170 | Lair:1   | Received a gift from Nemelex Xobeh
 10357 | Lair:1   | Reached skill level 10 in Shields
 10363 | Lair:1   | Received a gift from Nemelex Xobeh
 10414 | Lair:1   | Noticed Sonja
 10416 | Lair:1   | Noticed Sonja
 10416 | Lair:1   | Sonja changed into Sonja the hog
 10421 | Lair:1   | Killed Sonja the hog
 10640 | Lair:1   | Reached skill level 10 in Fighting
 10987 | Lair:1   | Noticed an eight-headed hydra
 10994 | Lair:1   | Killed a seven-headed hydra
 11785 | Lair:2   | Noticed Harold
 11808 | Lair:2   | Killed Harold
 11826 | Lair:2   | Reached XP level 12. HP: 18/108 MP: 15/15
 12222 | Lair:2   | Received a gift from Nemelex Xobeh
 12235 | Lair:2   | Found a staircase to the Shoals.
 12926 | Lair:2   | Received a gift from Nemelex Xobeh
 12971 | Lair:2   | Noticed an eight-headed hydra
 12977 | Lair:2   | Reached skill level 12 in Axes
 12982 | Lair:2   | Killed a four-headed hydra
 13317 | Shoals:1 | Entered Level 1 of the Shoals
 13366 | Shoals:1 | Noticed a merfolk javelineer
 13540 | Shoals:1 | Killed a merfolk javelineer
 13557 | Shoals:1 | HP: 1/110 [sea snake (8)]
 13564 | Shoals:1 | Slain by a sea snake

Skill      XL: |  1  2  3  4  5  6  7  8  9 10 11 12 |
---------------+-------------------------------------+-----
Shields        | 4 5 6 7 8 9 10 | 10.8
Armour         | 4 5 7 8 9 |  9.2
Fighting       | 4 5 6 7 8 9 10 11 | 11.0
Dodging        | 1 2 3 4 5 7 9 |  9.6
Axes           | 3 4 5 7 9 10 11 12 | 12.1
Invocations    | 3 6 |  6.4

Action                   |  1- 3 |  4- 6 |  7- 9 | 10-12 || total
-------------------------+-------+-------+-------+-------++-------
Melee: War axe           |   121 |    58 |   287 |   441 ||   907
       Headbutt          |    15 |    10 |    57 |    87 ||   169
Evoke: Deck              |       |     2 |    12 |    13 ||    27
  Use: Scroll            |     6 |       |     5 |     6 ||    17
       Potion            |     4 |       |     1 |     7 ||    12
 Stab: Distracted        |       |       |     1 |     1 ||     2
  Eat: Chunk             |     2 |       |     9 |     2 ||    13
       Bread ration      |     1 |       |       |     4 ||     5
       Royal jelly       |       |       |     2 |     1 ||     3
Armor: Scale mail        |    30 |       |       |       ||    30
       Ring mail         |    23 |    21 |    59 |       ||   103
       Leather armour    |       |       |     6 |   138 ||   144
Dodge: Dodged            |    34 |    22 |   121 |   282 ||   459
Block: Shield            |    63 |    43 |    75 |       ||   181
       Buckler           |       |       |    26 |   128 ||   154
